 Dungeon Crawl Stone Soup version 0.28.0-53-g5a82cb258f (webtiles) character file.

Game seed: 7170396048840864266

3224 safid the Geomancer (level 9, -2/57 HPs)
             Began as a Gargoyle Earth Elementalist on Sept 6, 2022.
             Shot with an arrow by a centaur (9 damage)
             ... on level 9 of the Dungeon.
             The game lasted 00:13:13 (8559 turns).

safid the Geomancer (Gargoyle Earth Elementalist)   Turns: 8559, Time: 00:13:14

Health: -2/57      AC: 13    Str: 12    XL:     9   Next: 98%
Magic:  6/18       EV: 11    Int: 20    God:
Gold:   304        SH:  0    Dex: 10    Spells: 17/21 levels left

rFire   . . .      SeeInvis .   y - +1 short sword (venom)
rCold   . . .      Faith    .   (no shield)
rNeg    + + .      Spirit   .   t - +2 leather armour {rN+}
rPois   ∞          Reflect  .   x - +2 hat
rElec   +          Harm     .   (no cloak)
rCorr   .          Rampage  .   (no gloves)
Will    .....                   (no boots)
Stlth   ++........              (no amulet)
HPRegen 0.19/turn               (no ring)
MPRegen 0.16/turn               (no ring)

@: mighty
A: sickness immunity, AC +6, negative energy resistance 1, electricity
resistance, torment resistance 1, petrification resistance
a: no special abilities


You were on level 9 of the Dungeon.
You visited 2 branches of the dungeon, and saw 10 of its levels.
You also visited: Ossuary.

You collected 304 gold pieces.

Inventory:

Hand Weapons
 f - a +2 whip of freezing
 y - a +1 short sword of venom (weapon)
Missiles
 c - 166 stones
 j - 6 poisoned darts
Armour
 t - a +2 leather armour of positive energy (worn)
 x - a +2 hat (worn)
Wands
 b - a wand of iceblast (11)
 q - a wand of acid (4)
 r - a wand of flame (31)
 s - a wand of mindburst (21)
 B - a wand of charming (7)
Scrolls
 a - a scroll of enchant weapon
 e - a scroll of amnesia {unknown}
 o - 2 scrolls of teleportation
 p - 2 scrolls of fog
 u - a scroll of fear
 v - a scroll of holy word
Potions
 d - 3 potions of lignification {unknown}
 g - 2 potions of degeneration {unknown}
 h - 2 potions of might
 i - 3 potions of haste
 k - a potion of cancellation {unknown}
 l - 2 potions of attraction {unknown}
 m - 5 potions of flight
 n - 2 potions of brilliance {unknown}
 w - a potion of heal wounds {unknown}
 z - a potion of berserk rage {unknown}
 A - 2 potions of magic {unknown}


   Skills:
 + Level 7.4 Fighting
 - Level 2.0 Armour
 - Level 2.0 Dodging
 - Level 2.1 Stealth
 + Level 6.6 Spellcasting
 + Level 6.5 Conjurations
 - Level 0.7 Transmutations
 + Level 9.0 Earth Magic


You had 17 spell levels left.
You knew the following spells:

 Your Spells              Type           Power      Damage    Failure   Level
a - Sandblast             Erth           84%        2d18      1%          1
b - Stone Arrow           Conj/Erth      74%        3d11      1%          3

Your spell library contained the following spells:

 Spells                   Type           Power      Damage    Failure   Level
 Passwall                 Tmut/Erth      21%        N/A       2%          2
 Beastly Appendage        Tmut           18%        N/A       10%         1
 Slow                     Hex            24%        N/A       13%         1
 Wereblood                Tmut           9%         N/A       14%         2
 Petrify                  Tmut/Erth      26%        N/A       17%         4
 Spider Form              Tmut/Pois      8%         N/A       32%         3
 Confusing Touch          Hex            6%         N/A       36%         3
 Vampiric Draining        Necr           6%         2d6       36%         3


Dungeon Overview and Level Annotations

Branches:
Dungeon (10/15)            Temple (1/1) D:7         Ossuary (visited)
   Lair: D:8-11         Orc: D:9-12

Altars:
Ashenzari
Cheibriados
Dithmenos
Elyvilon
Fedhas
Gozag
Hepliaklqana
Kikubaaqudgha
Makhleb
Nemelex Xobeh
Okawaru
Qazlal
Ru
Sif Muna
Trog
Uskayaw
Vehumet
Xom
Zin
The Shining One

Shops:
D:5 :   D:7 [

Annotations:
D:3 1 runed translucent door, Crazy Yiuf
D:6 2 transporters


Innate Abilities, Weirdness & Mutations

You are immune to sickness and miasma.
Your stone body is resilient. (AC +6)
You are immune to poison.
You resist negative energy. (rN+)
You are resistant to electric shocks. (rElec)
You are resistant to unholy torment.
You are immune to petrification.


Message History

* * * LOW HITPOINT WARNING * * *
Aiming: Corrosive Bolt
Press: ? - help, Shift-Dir - straight line, f/p - Maurice
Aim: Maurice, wielding a +1 short sword of venom, wearing a +0 leather armour, quivering stones and carrying a wand of flame (31) (almost dead, fast, covering ground quickly, 60% to hit)
The bolt of acid hits Maurice!
The acid corrodes Maurice!
You kill Maurice!
Your Earth Magic skill increases to level 9!
Aiming: Corrosive Bolt
Press: ? - help, Shift-Dir - straight line, f - orc wizard
Aim: an orc wizard, wielding a +0 dagger and wearing a +0 robe (64% to hit)
The bolt of acid misses the orc wizard.
The orc wizard closely misses you.
Aiming: Corrosive Bolt
Press: ? - help, Shift-Dir - straight line, f/p - orc wizard
Aim: an orc wizard, wielding a +0 dagger and wearing a +0 robe (64% to hit)
The bolt of acid hits the orc wizard!
The acid corrodes the orc wizard!
You kill the orc wizard!
The bolt of acid hits something!
Reactivating autopickup.
You feel a bit more experienced.
c - 166 stones (gained 81);
r - a wand of flame (31);
i - 3 potions of haste
v - a scroll of holy word You now have 304 gold pieces (gained 246).
Items here: )))) [[[[ ††.
Okay, then.
y - a +1 short sword of venom Your +2 whip of freezing stops glowing.
Your +1 short sword of venom begins to drip with poison!
y - a +1 short sword of venom (weapon)
A centaur comes into view.
The centaur shouts!
The centaur wields a +0 shortbow.
The centaur shoots an arrow.
The arrow misses you.
The centaur shoots an arrow.
The arrow hits you!
* * * LOW HITPOINT WARNING * * *
The centaur shoots an arrow.
The arrow hits you.
* * * LOW HITPOINT WARNING * * *
The centaur shoots an arrow.
The arrow hits you but does no damage.
The centaur shoots an arrow.
The arrow completely misses you.
The centaur shoots an arrow.
The arrow hits you!
You die...

≈≈##. #####≈
....#.......≈≈ #
..............$o #.
.....#.#...... ..
$.#.....#...#
#.....#.#.....# ..
#..#.......#..# ##≈
#...@#._.#....# ##≈≈
#..#.......#..# #≈≈≈
#.....#.#.....## #≈≈
......#.....#....+ #≈
...#....#.#..c...##.##.
...
#................##. ..
#.#.........###.....
...#######....##.###.
.# #.#.....#..#.##..


You could see a centaur.

Vanquished Creatures
  Pikel (D:3)
  Maurice (D:9)
  Joseph (D:7)
  Sigmund (D:2)
  3 wraiths
  A wyvern (D:9)
  A black bear (D:5)
  An orc warrior (D:9)
  2 ogres
  A bullfrog (D:7)
  A wyvern skeleton (D:7)
  2 water moccasin skeletons
  2 wights (Ossuary)
  A howler monkey (D:6)
  3 centaur zombies
  4 jellies
  2 hounds (D:6)
  2 bullfrog skeletons
  A centaur skeleton (D:4)
  Ijyb (D:4)
  3 iguanas
  2 orc wizards (D:9)
  A hound skeleton (D:4)
  7 adders
  7 gnolls
  2 white imps (D:6)
  An ufetubus (D:5)
  An adder zombie (D:5)
  A worm (D:2)
  3 dart slugs
  An orc (D:9)
  5 endoplasms
  6 giant cockroaches
  2 goblins
  4 hobgoblins (D:1)
  2 jackals (D:1)
  3 quokkas
  9 ball pythons
  2 ball python skeletons (Ossuary)
  5 frilled lizards
  2 hobgoblin zombies (Ossuary)
  12 kobolds
  A kobold zombie (Ossuary)
  4 orc skeletons
  An orc zombie (Ossuary)
  2 rats
121 creatures vanquished.

Notes
Turn   | Place    | Note
-------+----------+-------------------------------------------
     0 | D:1      | safid the Gargoyle Earth Elementalist began the quest for
                  | the Orb.
     0 | D:1      | Reached XP level 1. HP: 10/10 MP: 3/3
   212 | D:1      | Found a faded altar of an unknown god.
   213 | D:1      | Noticed a shining eye
   235 | D:1      | Noticed a floating eye
   241 | D:1      | Noticed a shining eye
   667 | D:1      | Reached XP level 2. HP: 14/16 MP: 5/5
  1070 | D:1      | Reached skill level 1 in Fighting
  1148 | D:1      | Reached skill level 4 in Earth Magic
  1153 | D:1      | Reached XP level 3. HP: 9/20 MP: 1/6
  1381 | D:1      | Noticed a golden eye
  2140 | D:2      | Noticed Sigmund
  2146 | D:2      | Killed Sigmund
  2147 | D:2      | Reached skill level 5 in Earth Magic
  2147 | D:2      | Reached XP level 4. HP: 18/28 MP: 2/9
  2147 | D:2      | Reached XP level 5. HP: 20/32 MP: 2/10
  2151 | D:2      | Learned a level 3 spell: Stone Arrow
  2286 | D:2      | Reached XP level 6. HP: 35/37 MP: 11/11
  2811 | D:3      | Found a runed translucent door.
  2812 | D:3      | Noticed Crazy Yiuf
  3373 | D:4      | Noticed Pikel
  3388 | D:3      | Killed Pikel
  3389 | D:3      | Reached skill level 6 in Earth Magic
  3389 | D:3      | Reached XP level 7. HP: 13/44 MP: 1/13
  3785 | D:4      | Noticed Ijyb
  4066 | D:4      | Killed Ijyb
  4329 | D:4      | Reached XP level 8. HP: 48/48 MP: 14/14
  4550 | D:5      | Entered Level 5 of the Dungeon
  4756 | D:5      | Found Wahoohal's Book Boutique.
  4774 | D:5      | Reached skill level 1 in Armour
  4897 | D:5      | Reached skill level 5 in Fighting
  5738 | D:5      | Reached skill level 5 in Spellcasting
  5742 | D:6      | Reached skill level 7 in Earth Magic
  5762 | D:6      | Found a sacrificial altar of Ru.
  5882 | D:6      | Found a sand-covered staircase.
  5911 | D:6      | Found a transporter.
  5929 | Ossuary  | Entered an ossuary
  6035 | Ossuary  | Noticed a wraith
  6035 | Ossuary  | Noticed a flying skull
  6072 | Ossuary  | Noticed a flying skull
  6172 | Ossuary  | Noticed a wraith
  6186 | Ossuary  | Killed a wraith
  6449 | Ossuary  | Noticed a flying skull
  6459 | Ossuary  | Reached XP level 9. HP: 55/55 MP: 13/17
  6501 | Ossuary  | Reached skill level 5 in Conjurations
  6634 | D:6      | Found a transporter.
  7034 | D:7      | Found a staircase to the Ecumenical Temple.
  7048 | Temple   | Entered the Ecumenical Temple
  7376 | D:7      | Reached skill level 8 in Earth Magic
  7631 | D:7      | Found Zoar Ini's Armour Shoppe.
  7669 | D:7      | Noticed Joseph
  7676 | D:7      | Killed Joseph
  8203 | D:7      | You fall into a shaft and drop 3 floors!
  8203 | D:10     | Entered Level 10 of the Dungeon
  8218 | D:10     | Noticed a troll
  8500 | D:9      | Found a radiant altar of Vehumet.
  8500 | D:9      | Noticed Maurice
  8537 | D:9      | Killed Maurice
  8538 | D:9      | Reached skill level 9 in Earth Magic
  8559 | D:9      | Shot with an arrow by a centaur

Illustrated notes

Levels and vault maps discovered:
D:1:      mrwooster_arrival_statue_3, layout_basic,
          hellmonk_ecumenical_altar_watching_god, minmay_pentomino_p4
D:2:      layout_rooms, uniq_sigmund
D:3:      layout_loops_ring, chequers_serial_rivers_micro_a,
          uniq_crazy_yiuf_cottage
D:4:      layout_rooms, hangedman_abyss_or_decor_stagger, uniq_ijyb, uniq_pikel
D:5:      layout_loops_ring, serial_shops, kennysheep_little_box,
          minmay_misc_feat_nine_boxes, nicolae_elevator_lobby_plus
D:6:      layout_rooms, nicolae_ru_awakened_eye, gammafunk_ghost_abyssal_escape,
          nicolae_ossuary_entry_false_entrances
D:7:      layout_loops_ring, minmay_temple_entry_tees, serial_shops,
          shop_fountains, uniq_joseph, uniq_menkaure
D:9:      layout_basic, pdpol_wu_jian_five_deadly_venoms,
          nicolae_vehumet_radiance, dk_yredelemnul_ordeal, uniq_maurice
D:10:     kennysheep_blocky_hall, layout_small_grid, zombieorc2_lemuel,
          special_room [special_room_kobold]
Temple:   dpeg_five_rooms_temple

Skill      XL: |  1  2  3  4  5  6  7  8  9 |
---------------+----------------------------+-----
Fighting       | 1 3 4 5 7 |  7.4
Earth Magic    | 4 5 6 7 9 |  9.0
Dodging        | 2 |  2.0
Spellcasting   | 3 4 5 6 |  6.6
Conjurations   | 2 3 4 6 |  6.5
Armour         | 2 |  2.0
Stealth        | |  2.1
Transmutations | |  0.7

Action                   |  1- 3 |  4- 6 |  7- 9 || total
-------------------------+-------+-------+-------++-------
Melee: Whip              |    46 |       |   248 ||   294
       Unarmed           |     5 |       |       ||     5
       Short sword       |    79 |    46 |       ||   125
       War axe           |       |    23 |       ||    23
       Punch             |       |       |     5 ||     5
 Cast: Sandblast         |    15 |     5 |    17 ||    37
       Stone Arrow       |       |     2 |    54 ||    56
Evoke: Wand              |       |       |     4 ||     4
  Use: Scroll            |       |       |    12 ||    12
       Potion            |       |       |     1 ||     1
 Stab: Sleeping          |     2 |     1 |     6 ||     9
Armor: Robe              |    47 |    28 |    21 ||    96
       Leather armour    |       |       |   140 ||   140
Dodge: Dodged            |   107 |    45 |   201 ||   353
